 Dungeon Crawl Stone Soup version 0.22.0-13-g43fe8f24b8 (webtiles) character file.

20521 Htamos the Protected (level 12, 0/118 HPs)
             Began as a Gargoyle Fighter on Aug 17, 2018.
             Was a Priest of the Shining One.
             Slain by Rupert
             ... wielding a +3 great sword of slicing
              (15 damage)
             ... on level 6 of the Lair of Beasts.
             The game lasted 00:19:11 (12809 turns).

Htamos the Protected (Gargoyle Fighter)            Turns: 12809, Time: 00:19:11

Health: 0/118      AC: 30    Str: 30    XL:     12   Next: 80%
Magic:  12/12      EV:  7    Int: 13    God:    the Shining One [***...]
Gold:   893        SH: 13    Dex:  9    Spells: 11/11 levels left

rFire    . . .     SeeInvis .   d - +9 whip of Impermanence {venom, -Tele rElec Int+4}
rCold    . . .     Gourm    .   c - +0 shield
rNeg     + + .     Faith    .   J - +0 plate armour
rPois    ∞         Spirit   .   j - +2 helmet
rElec    +         Reflect  .   F - scarf {repulsion}
rCorr    .         Harm     .   (no gloves)
MR       .....     NoTele   +   H - +0 pair of boots
Stlth    ..........             (no amulet)
HPRegen  0.29/turn              (no ring)
MPRegen  0.13/turn              (no ring)

@: berserking, glowing, repel missiles, very quick
A: negative energy resistance 1, electricity resistance, unbreathing,
petrification resistance, rot immunity, AC +8
a: Divine Shield, Renounce Religion


You were on level 6 of the Lair of Beasts.
You worshipped the Shining One.
The Shining One was most pleased with you.
You were very hungry.

You visited 4 branches of the dungeon, and saw 16 of its levels.

You collected 893 gold pieces.

Inventory:

Hand Weapons
 a - a +0 flail
 d - the +9 whip of Impermanence (weapon) {venom, -Tele rElec Int+4}
   (You found it on level 4 of the Dungeon)

   It poisons the flesh of those it strikes.
   It affects your intelligence (+4).
   It insulates you from electricity.
   It prevents most forms of teleportation.
Armour
 b - a +0 scale mail
 c - a +0 shield (worn)
 j - a +2 helmet (worn)
 m - a +0 cloak
 F - a scarf of repulsion (worn)
 H - a +0 pair of boots (worn)
 J - a +0 plate armour (worn)
Jewellery
 q - an uncursed ring of protection from fire {unknown}
 v - an uncursed ring of protection from cold {unknown}
 x - an uncursed ring of see invisible {unknown}
 y - an uncursed ring of protection from fire {unknown}
 E - the ring "Kubott" {+Inv rF- rN+ Str+4 SInv}
   (You found it on level 6 of the Dungeon)

   [ring of positive energy]

   It affects your strength (+4).
   It makes you vulnerable to fire.
   It protects you from negative energy.
   It lets you see invisible.
   It lets you turn invisible.
 I - a cursed ring of poison resistance {unknown}
 N - an uncursed ring of protection from cold {unknown}
 Q - an uncursed amulet of guardian spirit {unknown}
Wands
 A - a wand of paralysis (43)
 C - a wand of digging (22)
 G - a wand of iceblast (3)
 P - a wand of polymorph (11)
Scrolls
 e - 8 scrolls of identify
 h - 9 scrolls of remove curse
 k - 6 scrolls of teleportation
 r - a scroll of immolation {unknown}
 z - a scroll of fear
 B - 4 scrolls of enchant armour
 D - 2 scrolls of amnesia
 K - 2 scrolls of fog {unknown}
 M - a scroll of brand weapon {unknown}
 O - a scroll of silence {unknown}
Potions
 g - 2 potions of berserk rage
 i - 7 potions of heal wounds {unknown}
 l - 2 potions of resistance {unknown}
 n - a potion of ambrosia {unknown}
 o - 12 potions of curing {unknown}
 p - a potion of haste
 s - a potion of cancellation {unknown}
 t - 4 potions of mutation {unknown}
 u - 2 potions of brilliance {unknown}
 w - 4 potions of degeneration {unknown}
 L - a potion of lignification {unknown}
Comestibles
 f - 30 rations


   Skills:
 + Level 10.7 Fighting
 + Level 9.7 Maces & Flails
 * Level 14.2 Armour
 + Level 10.8 Shields
 + Level 0.8 Invocations


You had 11 spell levels left.
You didn't know any spells.
Your spell library contained the following spells:

 Spells                   Type           Power        Failure   Level  Hunger
 Magic Dart               Conj           #...         96%         1    ##.....
 Apportation              Tloc           #.....       96%         1    ##.....
 Conjure Flame            Conj/Fire      #.......     100%        3    ####...
 Lightning Bolt           Conj/Air       #.........   100%        5    ######.
 Slow                     Hex            #.......     99%         2    ###....
 Confuse                  Hex            #.......     100%        3    ####...
 Mephitic Cloud           Conj/Pois/Air  #.......     100%        3    ####...
 Summon Small Mammal      Summ           #...         96%         1    ##.....
 Blink                    Tloc           N/A          99%         2    ###....
 Animate Skeleton         Necr           N/A          96%         1    ##.....
 Call Imp                 Summ           #.......     99%         2    ###....
 Shock                    Conj/Air       #...         96%         1    ##.....
 Swiftness                Chrm/Air       #.......     99%         2    ###....
 Airstrike                Air            #.........   100%        4    #####..
 Confusing Touch          Hex            #.....       96%         1    ##.....
 Metabolic Englaciation   Hex/Ice        #.........   100%        5    ######.
 Dispersal                Tloc           #.........   100%        6    #######
 Static Discharge         Conj/Air       #.......     100%        3    ####...
 Petrify                  Tmut/Erth      #.......     100%        4    #####..
 Force Lance              Conj/Tloc      #.......     100%        4    #####..
 Summon Lightning Spire   Summ/Air       #.......     100%        4    #####..
 Gell's Gravitas          Tloc           #.........   100%        3    ####...
 Yara's Violent Unravell  Hex/Tmut       #.........   100%        5    ######.


Dungeon Overview and Level Annotations

Branches:
Dungeon (9/15)             Temple (1/1) D:5            Lair (4/6) D:9
  Swamp (0/4) Lair:3        Snake (0/4) Lair:2        Slime (0/5) Lair:6
    Orc (1/2) D:9

Altars:
Ashenzari
Cheibriados
Dithmenos
Elyvilon
Fedhas
Gozag
Hepliaklqana
Kikubaaqudgha
Makhleb
Nemelex Xobeh
Okawaru
Qazlal
Ru
Sif Muna
Trog
Uskayaw
Vehumet
Wu Jian
Xom
Yredelemnul
Zin
The Shining One
Jiyva

Annotations:
D:6 exclusion: downstairs
Lair:2 exclusion: 2 oklob plants
Lair:6 1 runed door, Rupert; speilhur's ghost, journeyman MiFi


Innate Abilities, Weirdness & Mutations

You are resistant to torment.
Your stone body is resilient. (AC +8)
You are immune to poison.
You resist negative energy. (rN+)
You are resistant to electric shocks. (rElec)
You can survive without breathing.
You are immune to petrification.
You are immune to rotting.


Message History

You hit Rupert.
Rupert looks as sick as possible!
Rupert is lightly wounded.
Rupert hits you with a great sword of slicing!!
* * * LOW HITPOINT WARNING * * *
x2 Unknown command.
You are too berserk!
You completely miss Rupert.
Rupert is lightly wounded.
Unknown command.
You thrash Rupert!!
Rupert is moderately wounded.
You block Rupert's attack.
Unknown command.
You whack Rupert!
Rupert looks as sick as possible!
Rupert is moderately wounded.
Unknown command.
You whack Rupert!
Rupert is moderately wounded.
Rupert hits you with a great sword of slicing!
You die...

....P .....P#.####
........ .......#.#
.......#. ##.....#
........####.##P...#
.........#..###....##
.......##....###....#
.........#...##....##
.............###....#
.............#.@@..##
.......###..†.....##
.......####.P.#P...#
#.......#####.#...##
##......P####.....##
#.........[......P#
#..................#
#..................#
..........#..#....P#


You could see Rupert (berserk).

Vanquished Creatures
  Harold (D:7)
  Fannar (Lair:3)
  2 hydras (Lair:6)
  A two-headed ogre (D:7)
  Nergalle (Lair:3)
  A deep elf mage (D:9)
  Maurice (D:8)
  4 black mambas
  4 spiny frogs
  A rime drake (Lair:2)
  3 komodo dragons
  5 blink frogs (Lair:2)
  6 hippogriffs
  20 yaks
  4 wyverns
  3 hungry ghosts (D:7)
  A basilisk (Lair:2)
  3 hogs (D:7)
  A human (D:7)
  Grum (D:8)
  Edmund (D:5)
  A naga (Lair:2)
  3 porcupines
  5 water moccasins
  Duvessa (D:5)
  A swamp drake (Lair:3)
  2 ice beasts (D:9)
  2 orc warriors (D:9)
  3 black bears
  4 ogres
  3 wolves (D:7)
  3 centaurs
  9 crocodiles
  A big kobold (D:8)
  9 bullfrogs
  A gnoll sergeant (D:9)
  Dowan (D:5)
  A scorpion (D:8)
  5 wights
  2 electric eels (Lair:2)
  4 crimson imps
  2 centaur skeletons
  A jelly (D:8)
  6 hounds
  5 orc priests
  3 orc wizards
  3 bullfrog skeletons
  5 iguanas
  Natasha (twice) (D:1)
  8 worker ants
  7 adders
  3 gnolls (D:9)
  3 shadow imps
  2 oozes
  2 worms
  A dart slug (D:3)
  5 leopard geckos
  32 orcs
  7 giant cockroaches
  8 goblins
  5 hobgoblins
  4 jackals
  5 kobolds
  2 quokkas
  3 ball pythons
  A ball python skeleton (D:4)
  4 bats
  6 frilled lizards
  A quokka skeleton (D:6)
  9 rats
271 creatures vanquished.

Vanquished Creatures (others)
  A rime drake (Lair:3)
  Natasha (D:1)
  2 bushes (Lair:6)
  18 fungi
  16 plants
38 creatures vanquished.

Grand Total: 309 creatures vanquished

Notes
Turn   | Place    | Note
-------+----------+-------------------------------------------
     0 | D:1      | Htamos the Gargoyle Fighter began the quest for the Orb.
     0 | D:1      | Reached XP level 1. HP: 14/14 MP: 1/1
   140 | D:1      | Reached XP level 2. HP: 17/19 MP: 2/2
   634 | D:2      | Noticed Natasha
   773 | D:1      | Killed Natasha
   773 | D:1      | Reached skill level 4 in Armour
   773 | D:1      | Reached XP level 3. HP: 8/24 MP: 3/3
   822 | D:1      | Noticed Natasha
   897 | D:2      | Reached XP level 4. HP: 20/29 MP: 4/4
  1000 | D:1      | Killed Natasha
  1181 | D:1      | Noticed Natasha
  1187 | D:1      | Killed Natasha
  1811 | D:3      | Reached XP level 5. HP: 29/33 MP: 5/5
  2291 | D:5      | Entered Level 5 of the Dungeon
  2551 | D:5      | Reached skill level 5 in Armour
  2693 | D:4      | Reached XP level 6. HP: 22/39 MP: 6/6
  2831 | D:4      | Got an iridescent whip
  2832 | D:4      | Identified the +9 whip of Impermanence {venom, -Tele rElec Int+4} (You found it on level 4 of the Dungeon)
  3477 | D:4      | Reached XP level 7. HP: 30/44 MP: 7/7
  3580 | D:4      | Reached skill level 6 in Armour
  3671 | D:4      | Found a shimmering altar of Xom.
  3697 | D:4      | Reached skill level 5 in Shields
  3965 | D:4      | Reached skill level 5 in Fighting
  4543 | D:5      | Noticed Duvessa
  4543 | D:5      | Noticed Dowan
  4554 | D:5      | Killed Duvessa
  4554 | D:5      | Reached skill level 7 in Armour
  4554 | D:5      | Reached XP level 8. HP: 39/50 MP: 8/8
  4561 | D:5      | Killed Dowan
  4635 | D:5      | Found a deep blue altar of Sif Muna.
  5003 | D:5      | Noticed Edmund
  5014 | D:5      | Killed Edmund
  5144 | D:5      | Found a staircase to the Ecumenical Temple.
  5158 | Temple   | Entered the Ecumenical Temple
  5251 | Temple   | Became a worshipper of the Shining One
  5584 | D:6      | Found a radiant altar of Vehumet.
  5715 | D:6      | Got a flickering iron ring
  5718 | D:6      | Identified the ring "Kubott" {+Inv rF- rN+ Str+4 SInv} (You found it on level 6 of the Dungeon)
  5800 | D:6      | Found a shadowy altar of Dithmenos.
  5801 | D:6      | Found a stormy altar of Qazlal.
  5850 | D:6      | Reached skill level 5 in Maces & Flails
  5850 | D:6      | Reached skill level 8 in Armour
  6144 | D:6      | Found a sacrificial altar of Ru.
  6149 | D:6      | Found a basalt altar of Yredelemnul.
  6173 | D:7      | Found a white marble altar of Elyvilon.
  6364 | D:7      | Reached XP level 9. HP: 56/56 MP: 9/9
  6509 | D:7      | Found a white marble altar of Elyvilon.
  6520 | D:7      | Reached skill level 9 in Armour
  6541 | D:7      | Reached * piety under the Shining One
  6606 | D:7      | Noticed Harold
  6626 | D:7      | Killed Harold
  6939 | D:7      | Reached skill level 10 in Armour
  6949 | D:7      | Reached XP level 10. HP: 58/63 MP: 10/10
  7145 | D:7      | Found a glowing silver altar of Zin.
  7145 | D:7      | Noticed an angel
  7227 | D:8      | Noticed Grum
  7323 | D:8      | Killed Grum
  7326 | D:8      | Noticed a two-headed ogre
  7402 | D:7      | Killed a two-headed ogre
  7506 | D:8      | Reached skill level 11 in Armour
  7737 | D:8      | Found an ancient bone altar of Kikubaaqudgha.
  7738 | D:8      | Noticed Maurice
  7762 | D:8      | Killed Maurice
  8058 | D:9      | Reached XP level 11. HP: 54/69 MP: 11/11
  8310 | D:9      | Reached ** piety under the Shining One
  8358 | D:9      | Reached skill level 12 in Armour
  8504 | D:9      | Noticed a deep elf mage
  8544 | D:9      | Killed a deep elf mage
  8693 | D:9      | Found a sacrificial altar of Ru.
  8886 | D:9      | Found a staircase to the Orcish Mines.
  8916 | D:9      | Found a sparkling altar of Nemelex Xobeh.
  8917 | D:9      | Found an opulent altar of Gozag.
  8942 | D:9      | Found a staircase to the Lair.
  9089 | Orc:1    | Entered Level 1 of the Orcish Mines
  9090 | Orc:1    | Noticed an orc sorcerer
  9094 | Orc:1    | Noticed a sun demon
  9098 | Orc:1    | Paralysed by an orc sorcerer for 3 turns
  9268 | Lair:1   | Entered Level 1 of the Lair of Beasts
 10351 | Lair:2   | Reached skill level 13 in Armour
 10367 | Lair:2   | Reached XP level 12. HP: 69/77 MP: 12/12
 10578 | Lair:2   | Found a staircase to the Snake Pit.
 10750 | Lair:2   | Reached skill level 10 in Shields
 10861 | Lair:2   | Reached skill level 10 in Fighting
 11566 | Lair:3   | Identified Gevisch's Tome of Dislocation and Summoning
 11600 | Lair:3   | Noticed Fannar
 11603 | Lair:3   | Noticed Nergalle
 11625 | Lair:3   | Killed Fannar
 11636 | Lair:3   | Killed Nergalle
 11682 | Lair:3   | Found a staircase to the Swamp.
 11986 | Lair:4   | You fall through a shaft for 2 floors!
 11986 | Lair:6   | Entered Level 6 of the Lair of Beasts
 11986 | Lair:6   | Noticed a death yak
 11987 | Lair:6   | Noticed a death yak
 11987 | Lair:6   | Noticed a death yak
 12001 | Lair:6   | Reached *** piety under the Shining One
 12067 | Lair:6   | Found a runed door.
 12067 | Lair:6   | Noticed speilhur's ghost (journeyman MiFi)
 12074 | Lair:6   | Found a viscous altar of Jiyva.
 12074 | Lair:6   | Found a staircase to the Slime Pits.
 12356 | Lair:6   | Noticed an eight-headed hydra
 12375 | Lair:6   | Killed an eight-headed hydra
 12376 | Lair:6   | Noticed an eight-headed hydra
 12412 | Lair:6   | Killed an eight-headed hydra
 12412 | Lair:6   | Reached skill level 14 in Armour
 12781 | Lair:6   | Noticed Rupert
 12781 | Lair:6   | Paralysed by Rupert for 4 turns
 12796 | Lair:6   | Paralysed by Rupert for 7 turns
 12809 | Lair:6   | Slain by Rupert

Skill      XL: |  1  2  3  4  5  6  7  8  9 10 11 12 |
---------------+-------------------------------------+-----
Armour         | 4 5 7 8 10 11 13 14 | 14.2
Shields        | 4 5 6 7 8 9 10 | 10.8
Fighting       | 4 5 6 7 8 9 10 | 10.7
Maces & Flails | 3 4 5 6 7 8 9 |  9.7
Invocations    | |  0.8

Action                   |  1- 3 |  4- 6 |  7- 9 | 10-12 || total
-------------------------+-------+-------+-------+-------++-------
Melee: Flail             |    69 |   173 |       |       ||   242
       Whip              |       |    49 |   233 |   604 ||   886
Invok: Divine Shield     |       |       |       |     1 ||     1
Evoke: Wand              |       |       |    11 |     6 ||    17
  Use: Potion            |     1 |       |       |     1 ||     2
       Scroll            |       |       |     1 |    12 ||    13
  Eat: Chunk             |       |     8 |     8 |    18 ||    34
       Ration            |       |       |     2 |       ||     2
Armor: Scale mail        |    47 |   142 |    95 |    40 ||   324
       Plate armour      |       |       |       |   221 ||   221
Dodge: Dodged            |    28 |    76 |    54 |   110 ||   268
       Deflected         |       |       |     1 |     3 ||     4
Block: Shield            |    38 |   125 |    92 |   272 ||   527
